 Dungeon Crawl Stone Soup version 0.25-a0-861-g340c9e8194 (webtiles) character file.

Game seed: 7035236644876126576, levelgen mode: deterministic

102 Lugonue the Covered (level 4, -2/28 HPs)
             Began as a Tengu Fighter on Apr 29, 2020.
             Splashed by a jelly's acid (5 damage)
             ... on level 5 of the Dungeon.
             The game lasted 00:03:07 (1359 turns).

Lugonue the Covered (Tengu Fighter)                 Turns: 1359, Time: 00:03:07

Health: -2/28      AC: -4    Str: 16    XL:     4   Next: 78%
Magic:  5/5        EV:  7    Int:  9    God:
Gold:   94         SH:  9    Dex: 14    Spells: 3/3 levels left

rFire    + . .     SeeInvis .   a - +0 long sword
rCold    + . .     Gourm    .   c - +0 kite shield
rNeg     . . .     Faith    .   b - +0 scale mail
rPois    +         Spirit   .   (helmet restricted)
rElec    +         Reflect  .   (no cloak)
rCorr    +         Harm     .   (no gloves)
MR       .....                  (boots unavailable)
Stlth    ..........             (no amulet)
HPRegen  0.09/turn              o - ring of poison resistance
MPRegen  0.09/turn              (no ring)

@: mighty, resistant, corroded, very slightly contaminated, invisible
A: beak, talons 3
a: no special abilities


You were on level 5 of the Dungeon.
You were hungry.

You visited 1 branch of the dungeon, and saw 4 of its levels.

You collected 94 gold pieces.

Inventory:

Hand Weapons
 a - a +0 long sword (weapon)
Armour
 b - a +0 scale mail (worn)
 c - a +0 kite shield (worn)
Jewellery
 o - a ring of poison resistance (left hand)
 t - a +3 amulet of reflection {unknown}
Wands
 u - a wand of random effects (19)
Scrolls
 i - 2 scrolls of amnesia {unknown}
 j - 2 scrolls of enchant armour {unknown}
 l - a scroll of magic mapping {unknown}
 n - a scroll of random uselessness {unknown}
 q - a scroll of teleportation {unknown}
 s - 2 scrolls of remove curse {unknown}
Potions
 g - a potion of invisibility
 h - a potion of resistance
 p - 3 potions of brilliance
 r - a potion of heal wounds {unknown}
Comestibles
 f - 4 rations


   Skills:
 + Level 3.5 Fighting
 + Level 3.1 Long Blades
 + Level 3.8 Armour
 + Level 0.8 Dodging
 + Level 1.1 Stealth
 + Level 3.6 Shields


You had 3 spell levels left.
You didn't know any spells.
Your spell library was empty.

Dungeon Overview and Level Annotations

Branches:
Dungeon (3/15)

Altars:


Innate Abilities, Weirdness & Mutations

You have a beak for a mouth.
You have claws for feet.


Message History

Found a stone staircase leading down.
There is a stone staircase leading down here.
You are feeling hungry.
An adder skeleton comes into view.
You block the jelly's attack.
Okay, then.
A worker ant comes into view.
The worker ant twitches its antennae in your direction.
It was a potion of invisibility.
You fade into invisibility!
You block the jelly's attack. The worker ant barely misses you.
You are very lightly contaminated with residual magic.
It was a potion of resistance.
You feel protected. You block the worker ant's attack.
You block the jelly's attack.
It was a potion of magic.
Magic courses through your body. You block the worker ant's attack.
The jelly hits you.
* * * LOW HITPOINT WARNING * * *
The acid corrodes you!
You are splashed with acid.
You resist.
You die...

# # # ######## #
#..ZJ@.# ##
#.####a# .## #.# .#
..### #.# .#
....########.# .#
#.#.>........# .#
#.###..........Z..#
#.# #.##########..#
#.# #.# #


You could see a jelly, a worker ant and an adder skeleton.

Vanquished Creatures
  3 adders
  3 gnolls (D:5)
  A shadow imp (D:5)
  A dart slug (D:2)
  A leopard gecko (D:2)
  A giant cockroach (D:1)
  6 goblins
  5 hobgoblins
  A quokka (D:2)
  A ball python (D:5)
  5 bats
  A frilled lizard (D:2)
  3 kobolds (D:1)
  7 rats
39 creatures vanquished.

Notes
Turn   | Place    | Note
-------+----------+-------------------------------------------
     0 | D:1      | Lugonue the Tengu Fighter began the quest for the Orb.
     0 | D:1      | Reached XP level 1. HP: 14/14 MP: 2/2
   140 | D:1      | Reached XP level 2. HP: 19/19 MP: 3/3
   554 | D:2      | Reached XP level 3. HP: 23/23 MP: 4/4
   782 | D:2      | Reached skill level 1 in Stealth
  1224 | D:3      | Reached XP level 4. HP: 23/28 MP: 5/5
  1234 | D:3      | You fall into a shaft and drop 2 floors!
  1234 | D:5      | Entered Level 5 of the Dungeon
  1333 | D:5      | HP: 1/28 [acid (12)]
  1359 | D:5      | Splashed by a jelly's acid

Levels and vault maps discovered:
D:1:      roderic_crop_circles_arrival_small, layout_loops_cross,
          minmay_pentomino_r2
D:2:      layout_basic
D:3:      layout_basic, supply_closet_lemuel
D:5:      layout_loops_ring, nicolae_overflow_hidden_temple, temple_statues,
          first_ration, serial_shops, nicolae_shop_stone, uniq_menkaure

Skill      XL: |  1  2  3  4 |
---------------+-------------+-----
Stealth        | 1 |  1.1
Long Blades    | 3 |  3.1
Fighting       | |  3.5
Armour         | |  3.8
Dodging        | |  0.8
Shields        | |  3.6

Action                   |  1- 3 |  4- 6 || total
-------------------------+-------+-------++-------
Melee: Long sword        |    78 |    12 ||    90
       Kick              |    15 |     3 ||    18
       Peck              |     8 |     1 ||     9
  Use: Potion            |       |     4 ||     4
       Scroll            |       |     1 ||     1
  Eat: Chunk             |     1 |       ||     1
Armor: Scale mail        |    38 |     5 ||    43
Dodge: Dodged            |    14 |     2 ||    16
Block: Kite shield       |    35 |    11 ||    46
       Rpst.: Long sword |     1 |       ||     1

Table legend:
 A = Non-vault XP
 B = Vault XP
 C = Vault XP percentage of total XP
 D = Non-vault monster count
 E = Vault monster count
 F = Vault count percentage of total count
                 A         B        C        D         E       F
            +---------+---------+-------+---------+---------+-------
      Total |     143 |       4 |   2.7 |      37 |       2 |   5.1
            +---------+---------+-------+---------+---------+-------
        D:1 |      21 |       4 |  16.0 |      13 |       2 |  13.3
        D:2 |      55 |       0 |   0.0 |      18 |       0 |   0.0
        D:3 |      13 |       0 |   0.0 |       1 |       0 |   0.0
        D:5 |      54 |       0 |   0.0 |       5 |       0 |   0.0
            +---------+---------+-------+---------+---------+-------
